 Dungeon Crawl Stone Soup version 0.13-a0-1693-g8ac13c1 (console) character file.

435 Kellhus the Ruinous (level 6, 39/39 HPs)
             Began as a Mummy Wizard on June 20, 2013.
             Was a Follower of Sif Muna.
             Quit the game on Level 4 of the Dungeon.
             The game lasted 00:06:53 (5238 turns).

Kellhus the Ruinous (Mummy Wizard)                  Turns: 5238, Time: 00:06:54

HP  39/39        AC  4     Str 10      XL: 6   Next:  0%
MP  14/14        EV 12     Int 19      God: Sif Muna [*.....]
Gold 169         SH  0     Dex 10      Spells:  3 memorised,  4 levels left

Res.Fire  : . . .   See Invis. : .   (no weapon)
Res.Cold  : + . .   Warding    : .   a - +0 robe
Life Prot.: + + +   Conserve   : .   (no shield)
Res.Poison: +       Res.Corr.  : .   b - +0 wizard hat
Res.Elec. : .       Clarity    : .   t - +1 cloak
Sust.Abil.: . .     Spirit.Shd : .   (no gloves)
Res.Mut.  : .       Stasis     : .   (no boots)
Res.Rott. : +       Flight     : .   (no amulet)
Saprovore : . . .                    l - ring of flight
                                     d - ring of protection from fire {unknown}

@: somewhat resistant to hostile enchantments, unstealthy
A: no food or potions, fire vulnerability, restore body, cold resistance 1, life
protection 3, poison resistance, torment resistance, unbreathing
a: Channel Energy, Renounce Religion, Evoke Flight


You were on level 4 of the Dungeon.
You worshipped Sif Muna.
Sif Muna was pleased with you.
You were not hungry.

You visited 1 branch of the dungeon, and saw 4 of its levels.

You collected 149 gold pieces.

Inventory:

Armour
 a - a +0 robe (worn)
 b - a +0 wizard hat (worn)
 t - a +1 cloak (worn)
Scrolls
 e - 2 scrolls of magic mapping {unknown}
 f - a scroll of curse armour {unknown}
 g - a scroll of random uselessness {unknown}
 h - 3 scrolls of remove curse {unknown}
 i - 2 scrolls of fear {unknown}
 j - 5 scrolls of identify {unknown}
 k - 2 scrolls of enchant armour {unknown}
 m - 2 scrolls of noise {unknown}
 n - 2 scrolls of teleportation {unknown}
 o - 2 scrolls of curse weapon {unknown}
 r - a scroll of fog {unknown}
 s - 2 scrolls of curse jewellery {unknown}
 u - a scroll of enchant weapon I {unknown}
Jewellery
 d - a ring of protection from fire (left hand) {unknown}
 l - a ring of flight (right hand)
 q - an uncursed amulet of stasis {unknown}
Books
 c - a book of Minor Magic

   Spells                             Type                      Level
   *Magic Dart                        Conjuration                  1
   Blink                              Translocation                2
   Call Imp                           Summoning                    2
   Repel Missiles                     Charms/Air                   2
   Slow                               Hexes                        2
   *Conjure Flame                     Conjuration/Fire             3
   *Mephitic Cloud                    Conjuration/Poison/Air       3
 v - a book of Power

   Spells                             Type                      Level
   Iskenderun's Mystic Blast          Conjuration                  4
   Venom Bolt                         Conjuration/Poison           5
   Bolt of Magma                      Conjuration/Fire/Earth       5
   Poisonous Cloud                    Conjuration/Poison/Air       6
   Iron Shot                          Conjuration/Earth            6
   Orb of Destruction                 Conjuration                  7
Magical staves
 p - an uncursed staff of energy


   Skills:
 - Level 1.5 Dodging
 - Level 1.5 Stealth
 - Level 3.0 Spellcasting
 + Level 5.0 Conjurations
   Level 0.7 Summonings
   Level 0.7 Translocations


You had 4 spell levels left.
You knew the following spells:

 Your Spells              Type           Power        Failure   Level  Hunger
a - Magic Dart            Conj           ###.         1%          1    N/A
b - Conjure Flame         Conj/Fire      ##......     17%         3    N/A
c - Mephitic Cloud        Conj/Pois/Air  #.......     28%         3    N/A

Dungeon Overview and Level Annotations

Branches:
Dungeon (4/27)
 Temple: D:4-7

Altars:
Fedhas
Sif Muna
Vehumet
Xom

Annotations
D:4 Eustachio


Innate Abilities, Weirdness & Mutations

You do not eat or drink.
Your flesh is vulnerable to fire.
Your flesh is cold resistant.
You are immune to negative energy.
Your system is resistant to poisons.
You are immune to unholy pain and torment.
You can survive without breathing.


Message History

Press: ? - help, Shift-Dir - straight line, f/p - orc
Aim: an orc, wielding an orcish flail and wearing an orcish leather armour (almost dead)
The magic dart hits the orc.
The orc is almost dead.
The orc hits you but does no damage.
Casting: Magic Dart
Confirm with . or Enter, or press ? or * to list all spells.
Aiming: Magic Dart
Press: ? - help, Shift-Dir - straight line, f/p - orc
Aim: an orc, wielding an orcish flail and wearing an orcish leather armour (almost dead)
The magic dart hits the orc.
You kill the orc!
You have reached level 6!
Your experience leads to an increase in your attributes!
Increase (S)trength, (I)ntelligence, or (D)exterity?
You feel clever.
Unknown command.
You start resting.
Magic restored.
Are you sure you want to abandon this character and quit the game? (Confirm with "yes".)

#.#####..#.##.#####.#
#.#<.....#.#<....##.#
#....#...#.#...#.##.#
#...##...#.#...#....#
##.......#.###.######
######..#.....#
#...#.#####
#..##.#####
##########@........#
.........)#.##.###.#
#..........#.##.# #.#
#.!........#.##.# #.#
#..........#.##.# #.#
....).....#.##># #.#
.......$..#.##.# #.#
...!......#.##.# #.#
.........#.##.# #+#


There were no monsters in sight!

Vanquished Creatures
  A giant frog (D:3)
  A hound (D:3)
  An iguana (D:4)
  2 gnolls (D:2)
  2 adders
  3 giant mites
  2 worms (D:2)
  2 giant geckos (D:1)
  An ooze (D:1)
  6 orcs
  3 bats
  A giant cockroach (D:3)
  9 hobgoblins
  5 jackals (D:1)
  2 quokkas
  4 giant newts
  7 goblins
  8 kobolds
  12 rats
72 creatures vanquished.

Notes
Turn   | Place    | Note
--------------------------------------------------------------
     0 | D:1      | Kellhus, the Mummy Wizard, began the quest for the Orb.
     0 | D:1      | Reached XP level 1. HP: 11/11 MP: 5/5
     3 | D:1      | Reached skill level 1 in Conjurations
   323 | D:1      | Reached XP level 2. HP: 7/17 MP: 1/7
  1434 | D:1      | Reached XP level 3. HP: 22/22 MP: 9/9
  2667 | D:2      | Found a deep blue altar of Sif Muna.
  2670 | D:2      | Became a worshipper of Sif Muna the Loreminder
  2895 | D:2      | Found a shimmering altar of Xom.
  2940 | D:2      | Reached XP level 4. HP: 28/28 MP: 1/11
  3089 | D:1      | Learned a level 3 spell: Conjure Flame
  3093 | D:1      | Learned a level 3 spell: Mephitic Cloud
  4249 | D:3      | Reached skill level 4 in Conjurations
  4249 | D:3      | Reached XP level 5. HP: 21/33 MP: 1/12
  4338 | D:3      | Found a radiant altar of Vehumet.
  4372 | D:3      | Found a blossoming altar of Fedhas.
  4794 | D:3      | Acquired Sif Muna's first power
  4866 | D:4      | Reached skill level 5 in Conjurations
  4981 | D:4      | Noticed Eustachio
  5172 | D:4      | Reached XP level 6. HP: 39/39 MP: 5/14
  5238 | D:4      | Quit the game

Action                   |  1- 3 |  4- 6 || total
-------------------------+-------+-------++-------
Melee: Unarmed           |     5 |       ||     5
 Cast: Magic Dart        |   146 |   110 ||   256
       Conjure Flame     |       |     1 ||     1
       Mephitic Cloud    |       |     2 ||     2
